 Dungeon Crawl Stone Soup version 0.21-a0-621-gc60411f (webtiles) character file.

118 tidbits the Caller (level 5, 0/37 HPs)
             Began as a Gnoll Summoner on Dec 24, 2017.
             Killed from afar by Dowan (4 damage)
             ... with a wand of flame (47)
             ... on level 4 of the Dungeon.
             The game lasted 00:08:43 (1051 turns).

tidbits the Caller (Gnoll Summoner)                 Turns: 1051, Time: 00:08:44

Health: 0/37       AC:  3    Str: 10    XL:     5   Next: 2%
Magic:  0/12       EV: 15    Int: 18    God:
Gold:   87         SH:  0    Dex: 16    Spells: 4/14 levels left

rFire    . . .     SeeInvis .   a - +0 short sword
rCold    . . .     Gourm    .   (no shield)
rNeg     . . .     Faith    .   f - +0 robe
rPois    .         Spirit   +   (no helmet)
rElec    .         Reflect  .   C - +0 cloak (curse)
rCorr    .         Harm     .   (no gloves)
MR       .....                  (no boots)
Stlth    +++.......             d - amulet of guardian spirit
HPRegen  0.12/turn              (no ring)
MPRegen  0.13/turn              (no ring)

@: hasted, very quick
A: distributed training, fangs 1, strong nose
a: no special abilities


You were on level 4 of the Dungeon.
You were not hungry.

You visited 1 branch of the dungeon, and saw 4 of its levels.

You collected 87 gold pieces.

Inventory:

Hand Weapons
 a - a +0 short sword (weapon)
 e - a +0 club
 g - a +0 dagger
 h - a cursed -2 hunting sling
 l - a +0 flail
 o - a +0 hunting sling
Missiles
 i - 44 stones (quivered)
 m - 3 tomahawks
Armour
 f - a +0 robe (worn)
 C - a cursed +0 cloak (worn)
Jewellery
 d - an amulet of guardian spirit (around neck)
   (You found it on level 1 of the Dungeon)
Scrolls
 k - 2 scrolls of enchant weapon {unknown}
 p - a scroll of fear {unknown}
 q - 2 scrolls of magic mapping {unknown}
 r - a scroll of identify {unknown}
Books
 b - a book of Callings

   Spells                             Type                      Level
   a - Summon Small Mammal            Summoning                    1
   b - Call Imp                       Summoning                    2
   c - Call Canine Familiar           Summoning                    3
   d - Summon Guardian Golem          Hexes/Summoning              3
   e - Summon Lightning Spire         Summoning/Air                4
   f - Summon Ice Beast               Ice/Summoning                4
Comestibles
 c - 5 rations


   Skills:
 + Level 1.2 Fighting
 + Level 1.2 Short Blades
 + Level 1.2 Long Blades
 + Level 1.2 Axes
 + Level 1.2 Maces & Flails
 + Level 1.2 Polearms
 + Level 1.2 Staves
 + Level 1.2 Slings
 + Level 1.2 Bows
 + Level 1.2 Crossbows
 + Level 1.2 Throwing
 + Level 1.2 Armour
 + Level 4.7 Dodging
 + Level 4.3 Stealth
 + Level 1.2 Shields
 + Level 1.2 Unarmed Combat
 + Level 5.1 Spellcasting
 + Level 1.0 Conjurations
 + Level 1.0 Hexes
 + Level 1.0 Charms
 + Level 7.1 Summonings
 + Level 1.0 Necromancy
 + Level 1.0 Translocations
 + Level 1.0 Transmutations
 + Level 1.0 Fire Magic
 + Level 1.0 Ice Magic
 + Level 1.0 Air Magic
 + Level 1.0 Earth Magic
 + Level 1.0 Poison Magic
 + Level 1.4 Invocations
 + Level 1.2 Evocations


You had 4 spell levels left.
You knew the following spells:

 Your Spells              Type           Power        Failure   Level  Hunger
a - Summon Small Mammal   Summ           ####         1%          1    None
c - Call Canine Familiar  Summ           ####....     1%          3    ##.....
i - Call Imp              Summ           ####....     1%          2    #......
L - Summon Lightning Spi  Summ/Air       ###.....     24%         4    ####...


Dungeon Overview and Level Annotations

Branches:
Dungeon (4/15)
 Temple: D:4-7

Altars:
Ru
Trog

Annotations:
D:4 Dowan, Duvessa


Innate Abilities, Weirdness & Mutations

Your experience applies equally to all skills.
You have very sharp teeth.
Your uncanny sense of smell can sniff out nearby items.


Message History

Your quokka bites the jackal.
You hit the jackal.
You kill the jackal!
The jackal stops to sniff the ground.
The jackal closely misses your quokka.
Your quokka barely misses the jackal.
Your quokka closely misses the jackal.
The jackal closely misses your quokka.
Your quokka bites the jackal.
The jackal dies!
You see here a jackal corpse.
You see here 2 scrolls labeled LEKEAD QIYPTU.
q - 2 scrolls labeled LEKEAD QIYPTU You swap places.
You are feeling hungry.
Found a plate armour.
You swap places.
A frilled lizard comes into view.
Your quokka disappears in a puff of smoke!
Your quokka disappears in a puff of smoke!
A giant cockroach comes into view.
The frilled lizard barely misses you.
You miss the frilled lizard. Your bite misses the frilled lizard.
The frilled lizard barely misses you.
You hit the frilled lizard.
You kill the frilled lizard!
A frilled lizard comes into view.
The helpless giant cockroach fails to defend itself.
You puncture the giant cockroach!
You kill the giant cockroach!
You have reached level 5!
A rat comes into view.
Found a stone staircase leading up.
You see here a giant cockroach corpse.
You butcher the giant cockroach corpse.
You see here a chunk of flesh.
Eat a chunk of flesh? (ye/n/q)
You eat the chunk of flesh.
This raw flesh tastes terrible.
The helpless rat fails to defend itself.
You puncture the rat!
You kill the rat!
There is a stone staircase leading up, spattered with blood here.
You climb upwards.
There is a stone staircase leading down here.
You climb downwards.
There is a stone staircase leading up, spattered with blood here.
Found a scroll labeled QIATAZXURCH.
You see here a scroll labeled QIATAZXURCH.
r - a scroll labeled QIATAZXURCH A kobold comes into view.
The helpless kobold fails to defend itself.
You puncture the kobold!
You kill the kobold!
HP restored.
The frilled lizard is too close now for your liking.
The frilled lizard hisses angrily.
You barely miss the frilled lizard. You bite the frilled lizard.
The frilled lizard is heavily wounded.
The frilled lizard closely misses you.
You closely miss the frilled lizard.
The frilled lizard is heavily wounded.
The frilled lizard barely misses you.
You hit the frilled lizard.
You kill the frilled lizard!
(D) Dungeon
Where to? (Enter - D:3 @ (x,y), ? - help)
You see here a dagger.
There is a stone staircase leading down here.
You climb downwards.
Level annotation: Dowan, Duvessa
There is a stone staircase leading up here.
Casting: Summon Small Mammal
Confirm with . or Enter, or press ? or * to list all spells.
Okay, then.
Casting: Summon Small Mammal
Confirm with . or Enter, or press ? or * to list all spells.
Aiming: Summon Lightning Spire
Press: ? - help, Dir - move target cursor An electric hum fills the air.
Dowan zaps a wand.
The puff of flame hits you!
It is a wand of flame (47).
Duvessa hits you with a falchion.
Your lightning spire shoots out a bolt of lightning at Duvessa!
The bolt of electricity hits Duvessa.
You closely miss Duvessa.
Duvessa is lightly wounded.
Duvessa hits you with a falchion!
* * * LOW HITPOINT WARNING * * *
You barely miss Duvessa.
Duvessa is lightly wounded.
Duvessa completely misses you.
Your lightning spire shoots out a bolt of lightning at Duvessa!
The bolt of electricity hits Duvessa.
It was a potion of cancellation.
You feel magically purged. Duvessa hits you with a falchion!
* * * LOW HITPOINT WARNING * * *
Dowan casts a spell at you. The puff of flame misses you.
The puff of flame hits Duvessa.
It was a potion of haste.
You feel yourself speed up. Duvessa hits you with a falchion.
* * * LOW HITPOINT WARNING * * *
Dowan zaps a wand.
The puff of flame hits you!
You die...

#.# #.# #.#
#e# #.# ##.##
######...####
#.....<.....#
#.####8@.##.#
##e## #.# ..#
.## ∆ #) ..
#.


You could see Duvessa, Dowan and a friendly lightning spire.

Vanquished Creatures
  An adder (D:3)
  2 worms (D:2)
  A leopard gecko (D:1)
  2 bats
  A bat skeleton (D:2)
  2 giant cockroaches
  3 goblins
  9 jackals
  A ball python (D:1)
  4 frilled lizards
  6 kobolds
  4 rats
36 creatures vanquished.

Vanquished Creatures (collateral kills)
  An orc wizard (D:3)
  2 adders (D:2)
  3 oozes
  A worm (D:2)
  A dart slug (D:1)
  A leopard gecko (D:2)
  5 orcs (D:3)
  A giant cockroach (D:1)
  4 goblins
  3 hobgoblins
  5 jackals
  4 kobolds
  2 bats (D:1)
  4 rats
37 creatures vanquished.

Grand Total: 73 creatures vanquished

Notes
Turn   | Place    | Note
-------+----------+-------------------------------------------
     0 | D:1      | tidbits the Gnoll Summoner began the quest for the Orb.
     0 | D:1      | Reached XP level 1. HP: 13/13 MP: 6/6
   144 | D:1      | Reached XP level 2. HP: 11/19 MP: 3/7
   149 | D:1      | Learned a level 2 spell: Call Imp
   322 | D:2      | Found a bloodstained altar of Trog.
   329 | D:2      | Reached skill level 5 in Spellcasting
   329 | D:2      | Reached XP level 3. HP: 12/25 MP: 2/9
   340 | D:2      | Found a sacrificial altar of Ru.
   390 | D:2      | Reached skill level 1 in Invocations
   458 | D:4      | Noticed Dowan
   460 | D:4      | Noticed Duvessa
   494 | D:3      | Reached skill level 1 in Fighting
   494 | D:3      | Reached skill level 1 in Short Blades
   494 | D:3      | Reached skill level 1 in Long Blades
   494 | D:3      | Reached skill level 1 in Axes
   494 | D:3      | Reached skill level 1 in Maces & Flails
   494 | D:3      | Reached skill level 1 in Polearms
   494 | D:3      | Reached skill level 1 in Staves
   494 | D:3      | Reached skill level 1 in Slings
   494 | D:3      | Reached skill level 1 in Bows
   494 | D:3      | Reached skill level 1 in Crossbows
   494 | D:3      | Reached skill level 1 in Throwing
   494 | D:3      | Reached skill level 1 in Armour
   494 | D:3      | Reached skill level 1 in Shields
   494 | D:3      | Reached skill level 1 in Unarmed Combat
   494 | D:3      | Reached skill level 1 in Evocations
   494 | D:3      | Reached XP level 4. HP: 29/32 MP: 11/11
   764 | D:2      | Reached skill level 1 in Conjurations
   764 | D:2      | Reached skill level 1 in Hexes
   764 | D:2      | Reached skill level 1 in Charms
   764 | D:2      | Reached skill level 1 in Necromancy
   764 | D:2      | Reached skill level 1 in Translocations
   764 | D:2      | Reached skill level 1 in Transmutations
   764 | D:2      | Reached skill level 1 in Fire Magic
   764 | D:2      | Reached skill level 1 in Ice Magic
   764 | D:2      | Reached skill level 1 in Air Magic
   764 | D:2      | Reached skill level 1 in Earth Magic
   764 | D:2      | Reached skill level 1 in Poison Magic
   769 | D:2      | Learned a level 3 spell: Call Canine Familiar
   774 | D:2      | Learned a level 4 spell: Summon Lightning Spire
   964 | D:3      | Reached XP level 5. HP: 29/37 MP: 12/12
  1051 | D:4      | Killed from afar by Dowan

Vault maps used:
D:1:      lemuel_arrival_hallway
D:2:      kennysheep_vampire_church, grunt_temple_overflow_open
D:3:      uniq_natasha, uniq_robin, uniq_grinder
D:4:      makhleb_heckhound_becter, serial_shops, nicolae_shop_behind_doors,
          uniq_pikel, uniq_duvessa

Skill      XL: |  1  2  3  4 |
---------------+-------------+-----
Spellcasting   | 5 |  5.1
Invocations    | 1 |  1.4
Fighting       | 1 |  1.2
Short Blades   | 1 |  1.2
Long Blades    | 1 |  1.2
Axes           | 1 |  1.2
Maces & Flails | 1 |  1.2
Polearms       | 1 |  1.2
Staves         | 1 |  1.2
Slings         | 1 |  1.2
Bows           | 1 |  1.2
Crossbows      | 1 |  1.2
Throwing       | 1 |  1.2
Armour         | 1 |  1.2
Shields        | 1 |  1.2
Unarmed Combat | 1 |  1.2
Evocations     | 1 |  1.2
Conjurations   | 1 |  1.0
Hexes          | 1 |  1.0
Charms         | 1 |  1.0
Necromancy     | 1 |  1.0
Translocations | 1 |  1.0
Transmutations | 1 |  1.0
Fire Magic     | 1 |  1.0
Ice Magic      | 1 |  1.0
Air Magic      | 1 |  1.0
Earth Magic    | 1 |  1.0
Poison Magic   | 1 |  1.0
Dodging        | |  4.7
Stealth        | |  4.3
Summonings     | |  7.1

Action                   |  1- 3 |  4- 6 || total
-------------------------+-------+-------++-------
Melee: Short sword       |    60 |    49 ||   109
       Club              |     7 |       ||     7
       Bite              |     5 |     2 ||     7
Throw: Stone             |       |     1 ||     1
 Cast: Summon Small Mamm |    26 |    27 ||    53
       Call Imp          |     3 |     3 ||     6
       Summon Lightning  |       |     1 ||     1
  Use: Potion            |       |     2 ||     2
 Stab: Sleeping          |     6 |     5 ||    11
       Distracted        |     1 |     1 ||     2
  Eat: Chunk             |       |     1 ||     1
Armor: Robe              |    24 |    13 ||    37
Dodge: Dodged            |    77 |    65 ||   142

Table legend:
 A = Spawn XP
 B = Non-spawn XP
 C = Spawn XP percentage of total XP
 D = Spawn monster count
 E = Non-spawn monster count
 F = Spawn count percentage of total count
 G = Total turns spent on level
                    A         B        C        D         E        F      G
               +---------+---------+-------+---------+---------+-------+---------
         Total |       0 |     169 |   0.0 |       0 |      73 |   0.0 |  1051
               +---------+---------+-------+---------+---------+-------+---------
           D:1 |       0 |      43 |   0.0 |       0 |      31 |   0.0 |   403
           D:2 |       0 |      52 |   0.0 |       0 |      20 |   0.0 |   326
           D:3 |       0 |      72 |   0.0 |       0 |      21 |   0.0 |   309
           D:4 |       0 |       2 |   0.0 |       0 |       1 |   0.0 |    13
               +---------+---------+-------+---------+---------+-------+---------

Table legend:
 A = Turns spent in this place as a percentage of turns spent in the entire game.
 B = Non-inter-level travel turns spent in this place as a percentage of non-inter-level travel turns spent in the entire game.
 C = Inter-level travel turns spent in this place as a percentage of turns spent in this place.
 D = Turns resting spent in this place as a percentage of non-inter-level travel turns spent in this place.
 E = Turns spent auto-exploring this place as a percentage of non-inter-level travel turns spent in this place.
 F = Non-inter-level travel turns spent in this place divided by the number of levels of this place that you've seen.
                   A       B       C       D       E      F
               +-------+-------+-------+-------+-------+----------------------
         Total | 100.0 | 100.0 |   4.3 |   0.0 |   0.0 | 251.5
       Dungeon | 100.0 | 100.0 |   4.3 |   0.0 |   0.0 | 251.5
               +-------+-------+-------+-------+-------+----------------------

Table legend:
 A = Kills in this place as a percentage of kills in entire the game.
 B = Kills by you in this place as a percentage of kills by you in the entire game.
 C = Kills by friends in this place as a percentage of kills by friends in the entire game.
 D = Other kills in this place as a percentage of other kills in the entire game.
 E = Experience gained in this place as a percentage of experience gained in the entire game.
 F = Experience gained in this place divided by the number of levels of this place that you have seen.
                   A       B       C       D       E      F
               +-------+-------+-------+-------+-------+----------------------
         Total | 100.0 | 100.0 | 100.0 |   N/A | 100.0 |  42.2
       Dungeon | 100.0 | 100.0 | 100.0 |   N/A | 100.0 |  42.2
               +-------+-------+-------+-------+-------+----------------------

Vault maps used:
D:1:      lemuel_arrival_hallway
D:2:      kennysheep_vampire_church, grunt_temple_overflow_open
D:3:      uniq_natasha, uniq_robin, uniq_grinder
D:4:      makhleb_heckhound_becter, serial_shops, nicolae_shop_behind_doors,
          uniq_pikel, uniq_duvessa
